Map: King Sejong Station LE

Players

Dentex - Winner!

  • Race: Zerg Zerg
  • League: Silver
  • Spawn Location: 5:00

Fropez

  • Race: Protoss Protoss
  • League: Silver
  • Spawn Location: 11:00

VOD

Have the link to the VOD?

Description

Time

  • Played on: May 24, 2016, 9:16 a.m.
  • Length: 11:10
Show
View Real Time Build Order
Export as new Build Order

Dentex Zerg - Winner!

Build Orders: Hatch First 

Get SALT Encoding   

  12  0:03  Drone  
  13  0:09  Drone  
  14  0:17  Overlord  
  14  0:36  Drone x3  
  17  0:54  Hatchery  
  16  0:57  Drone  
  16  0:58  Extractor  
  16  1:02  Drone  
  17  1:17  Spawning Pool  
  16  1:39  Drone  
  17  1:40  Drone x2  
  19  1:56  Overlord  
  19  2:15  Queen  
  19  2:16  Queen  
  23  2:24  Roach Warren  
  22  2:37  Drone  
  22  2:38  Drone x5  
  28  2:52  Metabolic Boost  
  28  3:08  Roach  
  28  3:09  Roach  
  28  3:11  Zergling x2  
  28  3:12  Zergling x6  
  36  3:41  Drone  
  36  3:42  Overlord x2  
  36  3:50  Overlord x2  
  36  3:51  Overlord  
  36  3:53  Lair  
  36  4:00  Queen  
  38  4:19  Hatchery  
  38  4:22  Drone  
  38  4:23  Drone x6  
  44  4:50  Drone  
  44  4:51  Drone x7  
  52  4:57  Extractor  
  51  5:01  Hydralisk Den  
  51  5:04  Drone  
  51  5:05  Drone x3  
  54  5:11  Glial Reconstitution  
  54  5:19  Evolution Chamber  
  54  5:21  Evolution Chamber  
  52  5:26  Extractor  
  52  5:27  Extractor  
  50  5:36  Queen  
  50  5:37  Queen  
  50  5:39  Overlord  
  50  5:41  Drone  
  50  5:42  Drone x8  
  63  5:45  Zerg Missile Weapons Level 1  
  63  5:54  Overseer  
  63  6:24  Drone x2  
  63  6:25  Drone x3  
  68  6:27  Spore Crawler  
  68  6:30  Spine Crawler  
  66  6:33  Drone x8  
  66  6:34  Drone x3  
  77  6:41  Hatchery  
  77  6:42  Hydralisk x3, Spore Crawler  
  77  6:44  Spine Crawler  
  80  6:55  Hydralisk  
  80  6:57  Extractor, Overlord  
  80  6:58  Extractor, Overlord  
  80  7:01  Muscular Augments  
  80  7:11  Zerg Ground Armor Level 1  
  80  7:12  Hydralisk  
  82  7:31  Spine Crawler  
  82  7:33  Hydralisk x6  
  93  7:45  Pneumatized Carapace  
  93  7:49  Hydralisk  
  93  7:50  Hydralisk  
  97  8:03  Hydralisk x3  
  103  8:06  Zergling x2  
  103  8:07  Overlord  
  103  8:08  Overlord x4  
  104  8:26  Overseer  
  104  8:28  Overseer  
  104  8:43  Overseer  
  104  8:50  Hydralisk x11  
  104  8:53  Zergling x22  
  104  8:54  Zergling x14  
  144  8:58  Zerg Melee Weapons Level 1  
  144  9:33  Overlord x4  
  144  9:34  Overlord  
  144  9:35  Overlord  
  144  9:42  Infestation Pit  
  143  9:48  Overlord x2  
  143  10:17  Hatchery  
  131  10:35  Hydralisk  
  131  10:36  Hydralisk x15  
  131  10:37  Hydralisk x6  
Show
View Real Time Build Order
Export as new Build Order

Fropez Protoss 

Build Orders:  

Get SALT Encoding   

  12  0:01  Probe (Chrono Boost)  
  13  0:15  Pylon  
  13  0:18  Probe (Chrono Boost)  
  14  0:29  Probe (Chrono Boost)  
  15  0:39  Gateway  
  15  0:40  Probe (Chrono Boost)  
  16  0:45  Assimilator  
  16  0:51  Probe (Chrono Boost)  
  17  1:01  Probe (Chrono Boost)  
  18  1:12  Probe (Chrono Boost)  
  18  1:13  Pylon  
  18  1:14  Pylon  
  19  1:22  Probe (Chrono Boost)  
  20  1:32  Cybernetics Core  
  19  1:34  Probe (Chrono Boost)  
  20  1:42  Assimilator  
  20  1:45  Probe (Chrono Boost)  
  21  2:01  Gateway  
  21  2:07  Probe (Chrono Boost)  
  22  2:09  Warp Gate (Chrono Boost)  
  22  2:10  Adept  
  24  2:18  Mothership Core (Chrono Boost)  
  26  2:29  Forge  
  26  2:36  Probe (Chrono Boost)  
  27  2:37  Adept  
  29  2:48  Probe  
  30  2:57  Pylon  
  30  3:00  Probe  
  30  3:02  Protoss Ground Weapons Level 1  
  30  3:05  Adept  
  31  3:48  Pylon  
  31  3:58  Probe  
  32  4:04  Robotics Facility  
  32  4:07  Gateway  
  32  4:10  Stalker x2  
  34  4:19  Photon Cannon  
  34  4:28  Photon Cannon  
  34  4:29  Assimilator  
  34  4:34  Stalker  
  34  4:35  Stalker  
  38  4:54  Probe  
  38  4:56  Immortal (Chrono Boost)  
  43  5:01  Protoss Ground Armor Level 1  
  43  5:14  Nexus  
  44  5:27  Assimilator  
  44  5:32  Immortal (Chrono Boost)  
  47  5:40  Probe  
  48  5:52  Probe  
  49  6:00  Pylon  
  49  6:02  Pylon  
  49  6:04  Probe  
  50  6:24  Immortal (Chrono Boost)  
  54  6:28  Stalker x2  
  58  6:44  Probe  
  58  6:45  Probe  
  60  6:51  Twilight Council  
  60  6:54  Probe  
  60  6:57  Probe, Protoss Shields Level 1 (Chrono Boost)  
  60  6:58  Observer (Chrono Boost)  
  63  7:27  Immortal  
  63  7:28  Probe x2  
  67  7:52  Stalker x2  
  67  7:53  Stalker  
  67  7:56  Probe x2  
  75  7:59  Blink (Chrono Boost)  
  75  8:08  Immortal  
  79  8:22  Probe x2  
  81  8:34  Probe x2  
  83  8:55  Probe x2  
  85  9:11  Nexus  
  85  9:14  Assimilator  
  85  9:18  Assimilator  
  85  9:21  Pylon  
  85  9:39  Immortal  
  85  9:41  Photon Cannon  
  85  9:42  Pylon  
  89  9:54  Pylon  
  89  10:08  Pylon, Stalker  
  89  10:09  Stalker x2  
  95  10:18  Photon Cannon  
  95  10:19  Photon Cannon  
  99  10:21  Immortal (Chrono Boost)  
  99  10:22  Pylon  
  99  10:23  Probe x2  
  64  10:43  Stalker  
  64  10:44  Stalker x2  
Tags
 
Add a new tag
Caveats
  • Supply blocks, unpowered buildings, or Contaminate may cause inaccurate times.
  • Supply counts are checked every 10 seconds.